 Dungeon Crawl Stone Soup version 0.27.1-33-g824d729ab1 (webtiles) character file.

Game seed: 16417277024068035364

406 pkoi the Insei (level 6, -1/48 (51) HPs)
             Began as a Draconian Monk on Dec 7, 2021.
             Was a Believer of Elyvilon.
             Slain by Blork the orc (5 damage)
             ... on level 5 of the Dungeon.
             The game lasted 00:04:17 (6403 turns).

pkoi the Insei (Draconian Monk)                     Turns: 6403, Time: 00:04:18

HP:   -1/48 (51)    AC:  9    Str: 13    XL:     6   Next: 56%
MP:   8/8           EV: 12    Int: 12    God:    Elyvilon [**....]
Gold: 171           SH:  0    Dex: 14    Spells: 5/5 levels left

rFire    . . .     SeeInvis .     - Unarmed
rCold    . . .     Faith    .   (no shield)
rNeg     . . .     Spirit   .   (armour unavailable)
rPois    .         Reflect  .   (helmet restricted)
rElec    .         Harm     .   (no cloak)
rCorr    .         Rampage  .   q - +2 pair of gloves
Will     .....                  (no boots)
Stlth    ++........             (no amulet)
HPRegen  0.16/turn              (no ring)
MPRegen  0.11/turn              (no ring)

@: about to teleport, hasted, drained, very quick
A: AC +6, unfitting armour, cold-blooded
a: Renounce Religion, Lesser Healing, Heal Other, Divine Protection


You were on level 5 of the Dungeon.
You worshipped Elyvilon.
Elyvilon was pleased with you.
You visited 2 branches of the dungeon, and saw 6 of its levels.

You collected 171 gold pieces.

Inventory:

Hand Weapons
 n - a +1 dagger of venom
Missiles
 e - 33 poisoned darts (quivered)
 r - a throwing net
Armour
 q - a +2 pair of gloves (worn)
Wands
 m - a wand of flame (16)
Scrolls
 c - 2 scrolls of enchant weapon {unknown}
 i - a scroll of identify {unknown}
 j - a scroll of torment {unknown}
 l - a scroll of enchant armour
 o - a scroll of silence {unknown}
 s - a scroll of fear {unknown}
Potions
 a - 4 potions of attraction {unknown}
 b - 2 potions of mutation {unknown}
 f - 5 potions of curing {unknown}
 g - 3 potions of ambrosia {unknown}
 h - 3 potions of lignification {unknown}
 k - 2 potions of resistance {unknown}


   Skills:
 - Level 3.2 Fighting
 - Level 2.6 Dodging
 - Level 1.7 Stealth
 + Level 6.6 Unarmed Combat
 + Level 3.5 Invocations


You had 5 spell levels left.
You didn't know any spells.
Your spell library contained the following spells:

 Spells                   Type           Power      Damage    Failure   Level
 Portal Projectile        Hex/Tloc       0%         N/A       69%         3
 Blade Hands              Tmut           0%         N/A       100%        5
 Excruciating Wounds      Necr           0%         N/A       100%        5


Dungeon Overview and Level Annotations

Branches:
Dungeon (5/15)             Temple (1/1) D:4

Altars:
Cheibriados
Elyvilon
Fedhas
Hepliaklqana
Kikubaaqudgha
Makhleb
Qazlal
Sif Muna
Trog
Uskayaw
Vehumet
Xom
Yredelemnul
Zin

Annotations:
D:2 Jessica
D:5 Blork the orc


Innate Abilities, Weirdness & Mutations

Your plain brown scales are hard. (AC +6)
You cannot fit into any form of body armour.
You are cold-blooded and may be slowed by cold attacks.


Message History

You hit the iguana but do no damage.
The iguana is moderately wounded.
The hound bites you.
* * * LOW HITPOINT WARNING * * *
Blork the orc points at you and mumbles some strange words.
The magic dart hits you but does no damage.
The iguana barely misses you.
You hit the iguana but do no damage.
The iguana is moderately wounded.
The hound stops to sniff the ground.
The hound bites you but does no damage.
Unknown command.
You hit the iguana.
The iguana is severely wounded.
Blork the orc hits you with a +1 flail of draining!
* * * LOW HITPOINT WARNING * * *
You feel drained.
* * * LOW HITPOINT WARNING * * *
The iguana barely misses you. The hound barely misses you.
You hit the iguana.
The iguana is severely wounded.
Blork the orc closely misses you. The hound bites you but does no damage.
You hit the iguana but do no damage.
The iguana is severely wounded.
The iguana bites you!
* * * LOW HITPOINT WARNING * * *
The hound closely misses you.
Unknown command.
You hit the iguana but do no damage.
The iguana is severely wounded.
Blork the orc completely misses you.
The iguana bites you but does no damage.
The hound barely misses you.
Unknown command.
Okay, then.
Unknown command.
As you read the scroll of teleportation, it crumbles to dust.
You feel strangely unstable.
Blork the orc hits you with a +1 flail of draining.
You die...

..........'.##........
#.##.
..........#.###.....#.
#.##. ..........#.#
......#.. #.##.
............##.# ..##.
#............#.# ..##.
####.......#.# ..###
#.......#.####
#.......#....###
#.......@o......
#.......hl......
#...............
#.......##......
######### ......
....<. ..... .....


You could see Blork the orc, an iguana and a hound.

Vanquished Creatures
  A phantom (D:4)
  2 scorpions (D:4)
  3 orc wizards
  A hound skeleton (D:4)
  4 adders (D:3)
  An ufetubus (D:5)
  An adder skeleton (D:4)
  2 dart slugs
  17 orcs
  6 ball pythons
  4 endoplasms
  2 giant cockroaches
  6 goblins
  5 hobgoblins
  3 jackals (D:1)
  4 kobolds
  A quokka (D:4)
  2 bats (D:1)
  3 frilled lizards
  7 rats
75 creatures vanquished.

Notes
Turn   | Place    | Note
-------+----------+-------------------------------------------
     0 | D:1      | pkoi the Draconian Monk began the quest for the Orb.
     0 | D:1      | Reached XP level 1. HP: 19/19 MP: 1/1
   266 | D:1      | Reached XP level 2. HP: 19/26 MP: 2/2
   531 | D:1      | Found a faded altar of an unknown god.
  1211 | D:2      | Reached skill level 4 in Unarmed Combat
  1695 | D:2      | Found a stormy altar of Qazlal.
  1699 | D:2      | Noticed Jessica
  1705 | D:2      | Reached XP level 3. HP: 27/31 MP: 3/3
  3148 | D:3      | Reached XP level 4. HP: 32/38 MP: 4/4
  3292 | D:3      | Reached skill level 5 in Unarmed Combat
  4018 | D:4      | Found a staircase to the Ecumenical Temple.
  4101 | Temple   | Entered the Ecumenical Temple
  4503 | Temple   | Became a worshipper of Elyvilon the Healer
  4503 | Temple   | Reached * piety under Elyvilon
  4503 | Temple   | Reached ** piety under Elyvilon
  4738 | D:4      | Noticed a phantom
  4771 | D:4      | Killed a phantom
  4772 | D:4      | Reached skill level 1 in Invocations
  4772 | D:4      | Reached XP level 5. HP: 26/45 MP: 4/6
  5076 | D:4      | Reached skill level 6 in Unarmed Combat
  5339 | D:4      | Reached XP level 6. HP: 47/51 MP: 6/8
  6180 | D:5      | Entered Level 5 of the Dungeon
  6180 | D:5      | Found a burning altar of Makhleb.
  6314 | D:5      | Found a snail-covered altar of Cheibriados.
  6384 | D:5      | Noticed Blork the orc
  6403 | D:5      | Slain by Blork the orc

Illustrated notes

Levels and vault maps discovered:
D:1:      lightli_arrival_statue_moat, layout_basic, basic_ecumenical_altar,
          chequers_serial_rivers_small_3
D:2:      layout_rooms, basic_altar, uniq_jessica
D:3:      layout_basic, grunt_ministairs_8
D:4:      minmay_inner_zag, layout_basic, temple_hall,
          hangedman_decor_diamond_cutter
D:5:      layout_basic, mainiacjoe_overflow_concentric_impassable,
          mainiacjoe_overflow_alcove_4, kennysheep_slug_shrine,
          kennysheep_generic_room_10, uniq_blork_the_orc
Temple:   minmay_temple_forest_path

Skill      XL: |  1  2  3  4  5 |
---------------+----------------+-----
Unarmed Combat | 4 5 6 |  6.6
Invocations    | 1 3 |  3.5
Fighting       | |  3.2
Dodging        | |  2.6
Stealth        | |  1.7

Action                   |  1- 3 |  4- 6 || total
-------------------------+-------+-------++-------
Melee: Unarmed           |   120 |   178 ||   298
       Tailslap          |    14 |    20 ||    34
       Punch             |     2 |     3 ||     5
  Use: Scroll            |     4 |     1 ||     5
       Potion            |       |     1 ||     1
 Stab: Sleeping          |     3 |     6 ||     9
Armor: Skin              |    37 |    49 ||    86
Dodge: Dodged            |    73 |    92 ||   165
